[Event "Chinese League Division-A 2024"]
[Site "Fuling Chongqing"]
[Date "2024.06.27"]
[Round "2.10"]
[White "Lu, Miaoyi"]
[Black "Zhu, Jiner"]
[Result "0-1"]
[ECO "B52"]
[WhiteElo "2449"]
[BlackElo "2476"]
[Annotator "RC"]
[PlyCount "180"]
[EventDate "2024.06.28"]
[EventType "team-tourn"]
[EventCountry "CHN"]
[SourceTitle "playchess.com"]
[Source "ChessBase"]
[SourceQuality "1"]
[TimeControl "40/5400+30:1800+30"]

1. e4 c5 2. Nf3 d6 3. Bb5+ Bd7 4. c4 Nf6 5. Nc3 g6 6. d4 cxd4 7. Nxd4 Bg7 8. Be3 a6 9. Bxd7+ Nbxd7 10. Rc1 O-O 11. O-O Rc8 12. b3 Qa5 13. a4 e6 14. Nde2 Rfd8 15. h3 Nc5 16. f3 Nfd7 17. Qc2 Ne5 18. Rfd1 Nc6 19. Rb1 Nb4 20. Qd2 Qc7 21. Bg5 Rd7 22. h4 h5 23. Na2 Nxa2 24. Qxa2 a5 25. Kh1 Re8 26. Qd2 Qb6 27. Be3 Bf6 28. Bf2 Red8 29. Qe3 Qc7 30. Bg3 Qb6 31. Nc3 Nxa4 32. Qxb6 Nxb6 33. Nb5 Nc8 34. Rd3 Kf8 35. Rbd1 Ke7 36. Kg1 b6 37. Kf1 Bg7 38. Ke2 f5 39. Bf4 Bf6 40. g3 e5 41. Bc1 Ke6 42. Nc3 Rf8 43. Nd5 Bd8 44. Be3 Rb7 45. Nc3 f4 46. gxf4 Bxh4 47. f5+ gxf5 48. Rh1 Bd8 49. Rxh5 Rbf7 50. Nd5 fxe4 51. fxe4 Kd7 52. Rh6 Kc6 53. b4 Rg8 54. bxa5 bxa5 55. c5 Rg2+ 56. Ke1 a4 57. Rh8 Ba5+ 58. Bd2 Rxd2 59. Rxd2 a3 60. Rh3 a2 61. Ra3 Bxd2+ 62. Kxd2 Kxc5 63. Nc3 Nb6 64. Rxa2 Nc4+ 65. Ke2 Rh7 66. Rc2 Rh2+ 67. Kd3 Rh3+ 68. Ke2 Rh2+ 69. Kd3 Rxc2 70. Kxc2 Kd4 71. Nb5+ Kxe4 72. Nc3+ Kd4 73. Ne2+ Kc5 74. Kd3 d5 75. Nc3 Nb6 76. Ne2 Kd6 77. Ke3 Nd7 78. Kd3 Nc5+ 79. Kc3 e4 80. Nd4 Ne6 81. Nb3 Ke5 82. Kd2 d4 83. Ke2 Nf4+ 84. Kf2 Kd5 85. Kg3 Ne6 86. Na5 d3 87. Kf2 Kd4 88. Nb7 e3+ 89. Kf3 d2 90. Ke2 Nf4+ 0-1

[Event "Chinese League Division-A 2024"]
[Site "Fuling Chongqing"]
[Date "2024.06.27"]
[Round "2.11"]
[White "Chen, Qi b"]
[Black "Wang, Hao"]
[Result "1/2-1/2"]
[ECO "B31"]
[WhiteElo "2481"]
[BlackElo "2702"]
[Annotator "TA"]
[PlyCount "61"]
[EventDate "2024.06.28"]
[EventType "team-tourn"]
[EventCountry "CHN"]
[SourceTitle "playchess.com"]
[Source "ChessBase"]
[SourceQuality "1"]
[TimeControl "40/5400+30:1800+30"]

1. e4 c5 2. Nf3 Nc6 3. Bb5 g6 4. O-O Bg7 5. d3 Nf6 6. Bxc6 bxc6 7. e5 Nd5 8. Re1 O-O 9. Nbd2 d6 10. h3 Nc7 11. Nc4 Ne6 12. Bd2 a5 {[%emt 0:17:02] The position is equal.} 13. a4 f6 14. exd6 exd6 15. c3 Re8 16. Qc2 d5 17. Na3 Bf8 18. c4 d4 19. Re2 Ra7 20. Rae1 Bd6 21. Nb1 g5 22. Bc1 Rae7 (22... Rg7 $15) 23. Nbd2 $11 Bc7 24. Ne4 Kg7 25. Ng3 Kg6 {[%emt 0:03:25] Prevents Nf5} (25... Nf8 $11) 26. Kf1 ({Better is} 26. Qd1 $1 $14) 26... h6 27. Qd1 Bxg3 28. fxg3 h5 29. Kf2 {[%emt 0:02:24] White is more active.} Qc7 30. Re4 Ng7 31. Rxe7 {[%emt 0:00:29] Weighted Error Value: White=0.16 (very precise) /Black=0.17 (very precise) .  Mistake:       	White=1     	Black=2      Inaccurate:     	White=6     	Black=4      OK:         	White=11    	Black=7      Best:        	White=1     	---} 1/2-1/2

[Event "Chinese League Division-A 2024"]
[Site "Fuling Chongqing"]
[Date "2024.06.27"]
[Round "2.12"]
[White "Zhao, Jun"]
[Black "Xu, Jun"]
[Result "1/2-1/2"]
[ECO "C77"]
[WhiteElo "2538"]
[BlackElo "2471"]
[Annotator "TA"]
[PlyCount "77"]
[EventDate "2024.06.28"]
[EventType "team-tourn"]
[EventCountry "CHN"]
[SourceTitle "playchess.com"]
[Source "ChessBase"]
[SourceQuality "1"]
[TimeControl "40/5400+30:1800+30"]

1. e4 e5 2. Nf3 Nc6 3. Bb5 a6 4. Ba4 Nf6 5. d3 b5 6. Bb3 Bc5 7. Nc3 h6 8. Nd5 d6 9. c3 Rb8 {[%emt 0:04:24] The position is equal.} 10. O-O O-O 11. Be3 Bxe3 12. Nxf6+ Qxf6 13. fxe3 {[%emt 0:00:03][%cal Of3d4] [#] Threatens to win with Nd4!} Qe7 14. Qe1 Na5 15. Bc2 c5 16. b4 Nc6 17. Bb3 Be6 18. Nh4 cxb4 19. cxb4 Qd7 20. Bxe6 fxe6 21. Qc3 Rxf1+ 22. Rxf1 Kh7 23. Nf3 Rc8 24. Rc1 Ne7 25. Qb2 Rxc1+ 26. Qxc1 Qc6 27. Qxc6 Nxc6 $11 {[%emt 0:00:07][%mdl 4096] Endgame. KN-KN} 28. a3 Kg6 29. Kf2 Kf6 30. Ke2 d5 31. Kd2 Ke7 32. Kc2 Kd6 33. Kd2 a5 34. Kc3 (34. bxa5 $11 Nxa5 (34... dxe4 35. dxe4 Nxa5 36. Kc3 $11) 35. exd5 exd5 36. Kc3) 34... axb4+ (34... dxe4 $15 35. dxe4 a4) 35. axb4 g5 36. d4 (36. g4 $11) 36... dxe4 $15 {[%emt 0:02:28] Black is slightly better.} 37. Nxe5 Nxe5 38. dxe5+ Kxe5 39. g4 {[%emt 0:00:04] Weighted Error Value: White=0.11 (very precise) /Black=0.05 (flawless) .  Mistake:       	White=2     	Black=1      Inaccurate:     	White=1     	---        OK:         	White=12    	Black=12     Best:        	---       	Black=1} 1/2-1/2

[Event "Chinese League Division-A 2024"]
[Site "Fuling Chongqing"]
[Date "2024.06.27"]
[Round "2.13"]
[White "Lin, Chen"]
[Black "Pang, Tao"]
[Result "1/2-1/2"]
[ECO "C01"]
[WhiteElo "2484"]
[BlackElo "2495"]
[Annotator "TA"]
[PlyCount "63"]
[EventDate "2024.06.28"]
[EventType "team-tourn"]
[EventCountry "CHN"]
[SourceTitle "playchess.com"]
[Source "ChessBase"]
[SourceQuality "1"]
[TimeControl "40/5400+30:1800+30"]

1. e4 e6 2. d4 d5 3. exd5 exd5 4. Nf3 Nc6 5. h3 Nf6 6. Bd3 Nb4 7. O-O Nxd3 8. Qxd3 {[%emt 0:00:07] The position is equal.} Be7 9. Bg5 O-O 10. Nbd2 h6 11. Bh4 Ne4 12. Bxe7 Qxe7 13. Rfe1 Bf5 14. Qb3 Qd6 15. Rad1 Rfe8 16. Nxe4 Bxe4 17. Nd2 b6 18. Nxe4 dxe4 19. c3 Re7 20. Re3 Rae8 21. Rde1 Kh8 22. Qb5 c6 23. Qh5 Qd5 24. Qxd5 cxd5 $11 {[%emt 0:00:02][%mdl 4096] Endgame. KRR-KRR} 25. f4 (25. g4 $11) 25... f5 $15 26. Rg3 Re6 27. Kf2 Kg8 28. a4 Kf7 29. h4 h5 30. Ke3 Rc8 31. Kd2 a6 32. Ra1 {[%emt 0:00:23] Weighted Error Value: White=0.04 (flawless) /Black=0.04 (flawless) .  Mistake:       	White=1     	---        OK:         	White=10    	Black=8} 1/2-1/2

[Event "Chinese League Division-A 2024"]
[Site "Fuling Chongqing"]
[Date "2024.06.27"]
[Round "2.14"]
[White "Song, Yuxin"]
[Black "Guo, Qi"]
[Result "1/2-1/2"]
[ECO "C28"]
[WhiteElo "2383"]
[BlackElo "2362"]
[Annotator "RC"]
[PlyCount "45"]
[EventDate "2024.06.28"]
[EventType "team-tourn"]
[EventCountry "CHN"]
[SourceTitle "playchess.com"]
[Source "ChessBase"]
[SourceQuality "1"]
[TimeControl "40/5400+30:1800+30"]

1. e4 e5 2. Nc3 Nf6 3. Bc4 Nc6 4. d3 Na5 5. Bb3 Nxb3 6. axb3 d5 7. Nf3 dxe4 8. Nxe5 exd3 9. O-O Be7 10. Nxd3 Bg4 11. Qe1 O-O 12. h3 Bf5 13. Qe3 Bxd3 14. Rd1 Re8 15. Qxd3 Qxd3 16. Rxd3 a6 17. Bf4 c6 18. Bc7 Bd8 19. Bd6 Be7 20. Bc7 Bd8 21. Bd6 Be7 22. Bc7 Bd8 23. Bd6 1/2-1/2

[Event "Chinese League Division-A 2024"]
[Site "Fuling Chongqing"]
[Date "2024.06.27"]
[Round "2.15"]
[White "Gao, Muziyan"]
[Black "Li, Xueyi"]
[Result "1-0"]
[ECO "D73"]
[WhiteElo "1943"]
[BlackElo "2209"]
[Annotator "RC"]
[PlyCount "80"]
[EventDate "2024.06.28"]
[EventType "team-tourn"]
[EventCountry "CHN"]
[SourceTitle "playchess.com"]
[Source "ChessBase"]
[SourceQuality "1"]
[TimeControl "40/5400+30:1800+30"]

1. Nf3 d5 2. g3 g6 3. Bg2 Bg7 4. d4 c6 5. c4 Nf6 6. O-O dxc4 7. a4 Bf5 8. Na3 O-O 9. Nxc4 Nbd7 10. a5 Rc8 11. Qb3 Be4 12. Ncd2 Bd5 13. Qd3 e5 14. e4 Be6 15. Ng5 Nc5 16. Qa3 Qxd4 17. Ndf3 Qd6 18. Nxe6 fxe6 19. Ng5 h6 20. Nxe6 Qxe6 21. Qxc5 a6 22. Bd2 Nd7 23. Qb4 Rc7 24. Rfd1 Qf7 25. Be3 Re8 26. Bf1 Kh7 27. Qd6 Nf6 28. Bc4 Qe7 29. Bb6 Qxd6 30. Rxd6 Rd7 31. Rad1 Rxd6 32. Rxd6 Re7 33. Bd8 Rd7 34. Rxd7 Nxd7 35. Be6 Nc5 36. Bc8 Bf8 37. Kf1 Kg7 38. Ke2 Kf7 39. Bb6 Na4 40. Bc7 Bb4 1-0

[Event "Chinese League Division-A 2024"]
[Site "Fuling Chongqing"]
[Date "2024.06.27"]
[Round "2.16"]
[White "Jiang, Haochen"]
[Black "Xu, Yinglun"]
[Result "1/2-1/2"]
[ECO "B81"]
[WhiteElo "2290"]
[BlackElo "2526"]
[Annotator "TA"]
[PlyCount "94"]
[EventDate "2024.06.28"]
[EventType "team-tourn"]
[EventCountry "CHN"]
[SourceTitle "playchess.com"]
[Source "ChessBase"]
[SourceQuality "1"]
[TimeControl "40/5400+30:1800+30"]

1. e4 c5 2. Nf3 d6 3. d4 cxd4 4. Nxd4 Nf6 5. Nc3 a6 6. h3 e6 7. g4 h6 8. Bg2 Be7 9. Be3 Nc6 10. Nxc6 bxc6 {[%emt 0:00:07] White has an edge.} 11. e5 Nd5 12. Nxd5 cxd5 13. exd6 Qxd6 14. O-O Rb8 15. b3 Bb7 16. c4 dxc4 17. Bxb7 Rxb7 18. Qf3 Qd5 19. Qxd5 exd5 20. Rfd1 Bf6 21. Rac1 cxb3 (21... Bb2 22. Rc2 c3 23. Rxd5 $14) 22. axb3 (22. Rxd5 $2 b2 (22... bxa2 23. Ra5 $17) 23. Rb1 O-O $19) (22. Rc8+ Ke7 23. Rxh8 bxa2 $19) 22... O-O 23. Rd3 d4 24. Rxd4 {[%emt 0:00:30][%mdl 8192] [#]} (24. Bxd4 Rd8 25. Rc4 Rd6 $19) (24. Bd2 $15) 24... Rb4 $4 25. Rd5 $2 ({Only move:} 25. Rxb4 $18 Rd8 26. Rb7) 25... Rxb3 $11 26. Ra5 Ra8 27. Rc6 Rb1+ 28. Kg2 Ra1 29. Rd5 (29. Rac5 $11) 29... a5 $17 30. Bxh6 a4 $1 {[%emt 0:00:16][%cal Oa4a3] [#] White must now prevent ...a3!} 31. Bg5 Bxg5 32. Rxg5 $15 {[%emt 0:00:02][%mdl 4096] Endgame. KRR-KRR} Rb1 33. Rgc5 Rbb8 {[%emt 0:00:17] Wards off Rc8+. Hoping for ...a3.} 34. Rc2 a3 {[%emt 0:00:13] ...a2 is the strong threat.} 35. Ra2 Rb3 {[%emt 0:00:07] Wards off Rc3} ({But not} 35... Rb2 36. Rxb2 axb2 37. Rb6 $11) 36. Rc4 f6 37. h4 Kh7 38. f3 Ra7 39. Kg3 Kg6 40. Rc5 Kf7 41. Rac2 Ke8 (41... Re3 $15 42. Ra2 Kg6) 42. Rc7 $11 {[%emt 0:00:00] The position is equal.} Rbb7 43. Rxb7 Rxb7 44. Rc8+ Kf7 45. Ra8 {[%emt 0:00:00] Prevents Ra7.} Rb3 46. h5 Rc3 47. Kf4 Rb3 {[%emt 0:00:00] Weighted Error Value: White=0.35/Black=0.06 (flawless) .  Loses game:     	White=1     	---        Missed win:     	White=1     	Black=1      Mistake:       	White=1     	Black=1      Inaccurate:     	White=1     	Black=1      OK:         	White=16    	Black=19     Best:        	White=5     	Black=2      Strong:       	---       	Black=1} 1/2-1/2

[Event "Chinese League Division-A 2024"]
[Site "Fuling Chongqing"]
[Date "2024.06.27"]
[Round "2.17"]
[White "Xie, Kaifan"]
[Black "Wang, Zihang"]
[Result "1/2-1/2"]
[ECO "D55"]
[WhiteElo "2376"]
[BlackElo "2028"]
[Annotator "RC"]
[PlyCount "108"]
[EventDate "2024.06.28"]
[EventType "team-tourn"]
[EventCountry "CHN"]
[SourceTitle "playchess.com"]
[Source "ChessBase"]
[SourceQuality "1"]
[TimeControl "40/5400+30:1800+30"]

1. d4 Nf6 2. c4 e6 3. Nc3 d5 4. Bg5 Be7 5. e3 h6 6. Bxf6 Bxf6 7. Nf3 O-O 8. Rc1 c6 9. Bd3 Nd7 10. O-O dxc4 11. Bxc4 e5 12. d5 Nb6 13. Qb3 cxd5 14. Nxd5 Nxd5 15. Bxd5 Qe7 16. Rc2 Rb8 17. Rfc1 Be6 18. Bxe6 Qxe6 19. Qxe6 fxe6 20. Nd2 Rfd8 21. Ne4 Rd7 22. Kf1 Rbd8 23. Rc7 Be7 24. Rxd7 Rxd7 25. Rc8+ Kf7 26. Ke2 Bf8 27. Nd2 Be7 28. Nc4 Kf6 29. h4 h5 30. a4 b6 31. Rh8 g6 32. Rh7 Rc7 33. Nd2 Bd8 34. Ne4+ Kf5 35. Nd6+ Kg4 36. Rxc7 Bxc7 37. Nb5 Bb8 38. g3 e4 39. Nd4 Be5 40. Nc6 Bxb2 41. Nxa7 Ba3 42. Nb5 Bc5 43. Na7 g5 44. hxg5 Kxg5 45. Nc6 Kf5 46. a5 bxa5 47. Nxa5 Be7 48. Nb3 e5 49. Nd2 h4 50. gxh4 Bxh4 51. f3 exf3+ 52. Nxf3 Bg5 53. e4+ Kxe4 54. Nxe5 Kxe5 1/2-1/2

[Event "Chinese League Division-A 2024"]
[Site "Fuling Chongqing"]
[Date "2024.06.27"]
[Round "2.18"]
[White "Shen, Fuyan"]
[Black "Wu, Yixing"]
[Result "0-1"]
[ECO "A19"]
[WhiteElo "1830"]
[BlackElo "2326"]
[Annotator "RC"]
[PlyCount "126"]
[EventDate "2024.06.28"]
[EventType "team-tourn"]
[EventCountry "CHN"]
[SourceTitle "playchess.com"]
[Source "ChessBase"]
[SourceQuality "1"]
[TimeControl "40/5400+30:1800+30"]

1. c4 Nf6 2. Nc3 e6 3. e4 c5 4. e5 Ng8 5. d4 Nc6 6. d5 Nxe5 7. f4 Ng6 8. Nf3 Nf6 9. Bd3 exd5 10. cxd5 Bd6 11. Nb5 O-O 12. O-O Qb6 13. Bc4 a6 14. Nxd6 Qxd6 15. a4 b6 16. f5 Ne7 17. Qd3 Bb7 18. Bg5 b5 19. axb5 axb5 20. Bxb5 Qxd5 21. Qxd5 Nexd5 22. Ne5 d6 23. Nc4 Ne4 24. Bh4 Nc7 25. Bd7 Ba6 26. Rfe1 Bxc4 27. Ra4 Ra5 28. Rxa5 Rd8 29. Ra8 Rxa8 30. Rxe4 Bd3 31. Re1 h6 32. Bg3 Rd8 33. Re7 Nd5 34. Re8+ Rxe8 35. Bxe8 Nf6 36. Bc6 Be4 37. Ba4 d5 38. Bf2 c4 39. Bd4 Bxf5 40. Bc6 Be4 41. Kf2 Kf8 42. Bc5+ Kg8 43. Bd4 Ng4+ 44. Kg1 f5 45. g3 Kf7 46. h4 g6 47. Bd7 Ke7 48. Bc8 Kd6 49. Kf1 g5 50. hxg5 hxg5 51. Ke2 Ne5 52. Be3 Bd3+ 53. Ke1 Nf3+ 54. Kf2 g4 55. Bh6 d4 56. Bg7 Kc5 57. Bb7 Be4 58. Ba6 Kb4 59. Ke2 Kb3 60. Kd1 f4 61. Ke2 d3+ 62. Kf1 d2 63. Ke2 Bd3+ 0-1

[Event "Chinese League Division-A 2024"]
[Site "Fuling Chongqing"]
[Date "2024.06.27"]
[Round "2.19"]
[White "Wang, Qinxuanyi"]
[Black "Zhao, Yunqing"]
[Result "1-0"]
[ECO "E12"]
[WhiteElo "2149"]
[BlackElo "1986"]
[Annotator "RC"]
[PlyCount "79"]
[EventDate "2024.06.28"]
[EventType "team-tourn"]
[EventCountry "CHN"]
[SourceTitle "playchess.com"]
[Source "ChessBase"]
[SourceQuality "1"]
[TimeControl "40/5400+30:1800+30"]

1. d4 Nf6 2. c4 e6 3. Nf3 b6 4. a3 Bb7 5. Nc3 Ne4 6. Nxe4 Bxe4 7. Nd2 Bb7 8. e4 g6 9. Bd3 Bg7 10. Nf3 O-O 11. O-O d6 12. Bg5 Qd7 13. Qd2 Nc6 14. Bh6 Ne7 15. b4 c5 16. Bxg7 Kxg7 17. bxc5 bxc5 18. Rfd1 Qc7 19. h4 h5 20. Rab1 Rab8 21. d5 e5 22. Ng5 Bc8 23. Rxb8 Qxb8 24. Qa5 a6 25. Rb1 Qa7 26. Bc2 Qd7 27. Ba4 Qd8 28. Qc3 Qc7 29. f4 f6 30. fxe5 fxe5 31. Ne6+ Bxe6 32. dxe6 Rf4 33. Qd3 Nc6 34. Bxc6 Qxc6 35. Qd5 Qxd5 36. exd5 Rxc4 37. Rb8 Kf6 38. Rb7 g5 39. hxg5+ Kg6 40. e7 1-0

[Event "Chinese League Division-A 2024"]
[Site "Fuling Chongqing"]
[Date "2024.06.27"]
[Round "2.20"]
[White "Du, Yuxin"]
[Black "Liu, Manli"]
[Result "1/2-1/2"]
[ECO "C02"]
[WhiteElo "1960"]
[BlackElo "2056"]
[Annotator "NA RC"]
[PlyCount "72"]
[EventDate "2024.06.28"]
[EventType "team-tourn"]
[EventCountry "CHN"]
[SourceTitle "playchess.com"]
[Source "ChessBase"]
[SourceQuality "1"]
[TimeControl "40/5400+30:1800+30"]

1. e4 e6 2. d4 d5 3. e5 c5 4. c3 Nc6 5. Nf3 Qb6 6. a3 Nh6 7. Bd3 cxd4 8. cxd4 Nf5 9. Bxf5 exf5 10. O-O Be6 11. Nc3 h6 12. b4 Be7 13. Qd3 g5 14. Na4 Qa6 15. Qxa6 bxa6 16. Bb2 O-O 17. Rfc1 Rfc8 18. Nc5 Rab8 19. Nxa6 Rb6 20. Nc5 a5 21. Na4 Rbb8 22. bxa5 Nxa5 23. Rxc8+ Rxc8 24. Bc3 Rc4 25. Bxa5 Rxa4 26. Bb6 Rxa3 27. Rxa3 Bxa3 28. Bc5 Bb2 29. h4 Bc1 30. hxg5 hxg5 31. Be7 g4 32. Ne1 Bd2 33. Nd3 Kg7 34. g3 Kg6 35. Kg2 f4 36. Nxf4+ Bxf4 1/2-1/2

[Event "Chinese League Division-A 2024"]
[Site "Fuling Chongqing"]
[Date "2024.06.27"]
[Round "2.21"]
[White "Wang, Yue"]
[Black "Huang, Renjie"]
[Result "1/2-1/2"]
[ECO "B45"]
[WhiteElo "2652"]
[BlackElo "2480"]
[Annotator "TA"]
[PlyCount "139"]
[EventDate "2024.06.28"]
[EventType "team-tourn"]
[EventCountry "CHN"]
[SourceTitle "playchess.com"]
[Source "ChessBase"]
[SourceQuality "1"]
[TimeControl "40/5400+30:1800+30"]

1. e4 c5 2. Nf3 e6 3. d4 cxd4 4. Nxd4 Nf6 5. Nc3 Nc6 6. Nxc6 bxc6 7. e5 Nd5 8. Ne4 Bb7 9. Bd3 {[%emt 0:01:13] B45: Sicilian Four Knights.} Qc7 10. f4 c5 11. c4 Nb4 12. Bb1 Nc6 13. O-O a5 14. Nc3 $146 ({Predecessor:} 14. Be3 Nd4 15. Nc3 Be7 16. Be4 Bxe4 17. Nxe4 Nf5 18. Bf2 Rb8 19. g4 Qc6 20. Qf3 {½-½ Moussard,J (2680)-Lupulescu,C (2580) EU-ch 23rd Vrnjacka Banja 2023 (8)}) 14... Nd4 15. a4 Be7 16. Ra3 g6 17. Nb5 Qc6 18. Rg3 h5 19. Rf2 h4 20. Rh3 Rd8 21. Bd2 d5 22. Bxa5 Rd7 23. Nd6+ Bxd6 24. exd6 Qxd6 25. cxd5 Qxd5 26. Bc3 Rh5 27. Bd3 Qd6 28. Qg4 Ba6 29. Rd2 Bxd3 30. Rhxd3 ({Reject} 30. Rdxd3 Qxf4 31. Qxf4 Ne2+ 32. Kf1 Nxf4 33. Rxd7 Kxd7 $17) 30... Rd5 $1 31. Bxd4 (31. Qxh4 $11 Ne2+ 32. Rxe2 Rxd3 33. h3) 31... c4 $1 $17 32. Qxh4 ({Avoid the trap} 32. Be5 $2 Qc5+ $19) 32... cxd3 33. Qh8+ Qf8 34. Qxf8+ Kxf8 35. Bc3 g5 36. fxg5 Rf5 (36... Rxg5 $17 37. a5 Rgd5) 37. a5 e5 38. g4 (38. Rd1 $1 $11 {keeps the balance.}) 38... Rxg5 $17 39. h3 (39. Kf2 $17) 39... f5 $19 40. Kf2 fxg4 41. hxg4 Rxg4 ({Black should play} 41... e4 $1 $19 42. Rd1 Rxg4) 42. Kf3 {[%emt 0:02:14] [#]} (42. Bxe5 $17 Rg5 43. Bc3) 42... Rh4 $1 $19 43. Bxe5 {[%emt 0:03:30] [#]} Rf7+ $2 (43... Rh5 $1 $19 44. Bc3 Rh6) 44. Kg3 Rh5 45. Bd6+ Kg8 46. Rxd3 Rg5+ 47. Kh2 Rf2+ 48. Kh3 Rxa5 49. b4 Ra1 50. Kg4 Raf1 51. Bg3 Rf7 52. Rd5 Rb1 53. Rg5+ Kf8 54. Rf5 Rxb4+ 55. Kg5 Rxf5+ 56. Kxf5 Kf7 57. Bf4 Rb5+ 58. Kg4 Kf6 59. Bd2 Rc5 60. Be3 Rc4+ 61. Bf4 Rb4 62. Kf3 Kf5 63. Bh2 Rb3+ 64. Kg2 Kg4 65. Kh1 $2 (65. Kf2 $11) 65... Kf3 66. Bd6 Rb1+ 67. Kh2 Rb2+ 68. Kg1 Rg2+ 69. Kh1 Rg7 70. Kh2 1/2-1/2

[Event "Chinese League Division-A 2024"]
[Site "Fuling Chongqing"]
[Date "2024.06.27"]
[Round "2.22"]
[White "Liu, Qingnan"]
[Black "Dai, Changren"]
[Result "1/2-1/2"]
[ECO "C54"]
[WhiteElo "2540"]
[BlackElo "2502"]
[Annotator "TA"]
[PlyCount "66"]
[EventDate "2024.06.28"]
[EventType "team-tourn"]
[EventCountry "CHN"]
[SourceTitle "playchess.com"]
[Source "ChessBase"]
[SourceQuality "1"]
[TimeControl "40/5400+30:1800+30"]

1. e4 e5 2. Nf3 Nc6 3. Bc4 Bc5 4. c3 Nf6 5. d3 d6 6. O-O O-O 7. h3 a5 8. Re1 Be6 9. Bb5 Ba7 10. Nbd2 Ne7 11. d4 Ng6 12. Ba4 Nh5 13. Nf1 Nhf4 14. Ng3 c6 15. Bc2 f6 16. Bb3 d5 $1 17. Bxf4 (17. Be3 {simplifies} Kh8 18. Bc2 Bb8 19. Bxf4 Nxf4 20. Ne2) 17... Nxf4 18. exd5 cxd5 19. dxe5 {[%emt 0:00:36] Black must now prevent Ne2.} Kh8 20. Ne2 {[%emt 0:51:17] [#]} Nxh3+ 21. gxh3 fxe5 22. Ng3 $1 Qf6 23. Rxe5 {[%emt 0:00:04] Threatens to win with Kg2.} (23. Nxe5 $2 Bxf2+ (23... Qxf2+ $2 24. Kh1 $19) 24. Kh1 (24. Kg2 $2 Qh4 $19) 24... Bxg3 $19) 23... Bxh3 {[%emt 0:08:16] ...Qf4 is the strong threat.} 24. Bxd5 {[%emt 0:00:38][%cal Od1e1] [#] Hoping for Qe1!} Bg4 {[%emt 0:08:10][%cal Oa8d8] ...Rad8! would now be deadly. This pair of bishops is nice.} 25. Qe2 Bxf3 26. Bxf3 Qxf3 27. Qxf3 Rxf3 28. Ne4 {[%emt 0:01:40][%cal Oa1e1] The position is equal.} Raf8 $132 {[%emt 0:00:46][%cal Ra7f2][%mdl 2048] Black has counterplay} 29. Kg2 R3f4 (29... Bxf2 30. Rf1 (30. Rxa5 Bh4 $11) 30... b6 31. b3 $18 (31. Nxf2 R3f6 $18) (31. Rxf2 Rxf2+ 32. Nxf2 h6 $18)) 30. Re1 Bxf2 31. Rf1 Rg4+ 32. Kh3 Rh4+ ({Don't blunder} 32... Rgf4 $2 33. Rxf2 Rxf2 34. Nxf2 $18 (34. Rxa5 $2 {is the wrong capture.} Rxb2 35. Ra4 g6 $19)) 33. Kg2 Rg4+ {[%emt 0:00:03] An interesting draw.   Weighted Error Value: White=0.04 (flawless) /Black=0.04 (flawless) .  Inaccurate:     	White=2     	Black=1      OK:         	White=8     	Black=13     Best:        	White=2     	Black=2      Strong:       	White=1     	Black=1} 1/2-1/2

[Event "Chinese League Division-A 2024"]
[Site "Fuling Chongqing"]
[Date "2024.06.27"]
[Round "2.23"]
[White "Chu, Wei Chao"]
[Black "Chen, Peng"]
[Result "1/2-1/2"]
[ECO "D22"]
[WhiteElo "2412"]
[BlackElo "2441"]
[Annotator "TA"]
[PlyCount "74"]
[EventDate "2024.06.28"]
[EventType "team-tourn"]
[EventCountry "CHN"]
[SourceTitle "playchess.com"]
[Source "ChessBase"]
[SourceQuality "1"]
[TimeControl "40/5400+30:1800+30"]

1. d4 d5 2. c4 dxc4 3. Nf3 a6 4. e3 b5 5. a4 Bb7 6. b3 e6 7. bxc4 bxc4 8. Bxc4 Nf6 {[%emt 0:00:05] White is slightly better.} 9. O-O c5 10. Ba3 Nbd7 11. Nbd2 Be7 12. Rb1 Rb8 13. Nb3 cxd4 14. Bxe7 Qxe7 15. Nfxd4 Ne5 16. Na5 Nxc4 17. Nac6 Qc7 18. Nxb8 {[%emt 0:03:03][%cal Od1e2] Black must now prevent Qe2!} O-O $1 {[%emt 0:00:05] [#]} (18... Qxb8 $2 {too greedy.} 19. Nc6 Qa8 (19... Bxc6 $2 20. Rxb8+ Ke7 21. Rxh8 $18) 20. Rxb7 $18) 19. Rxb7 Qxb7 20. Nbc6 {[%emt 0:00:05] Qd3 would now be deadly.} e5 21. Nf5 {[%emt 0:00:27][%cal Od1c2] Hoping for Qc2!} Kh8 $1 22. Nfe7 {[%emt 0:00:13] Qd3 is the strong threat.} Qb2 23. Qc1 Qb3 24. Qd1 Qb2 25. Qa1 g6 26. Qxb2 Nxb2 27. a5 Nd3 {[%emt 0:01:07] The position is equal.} 28. Rb1 Kg7 29. h3 h5 30. Rb6 Ra8 31. Nb8 Nc5 32. Nec6 Nd5 33. Rb1 e4 34. Rc1 Nb7 35. Rb1 Nc5 36. Rc1 Nb3 37. Rb1 Nc5 {[%emt 0:00:06] Weighted Error Value: White=0.05 (flawless) /Black=0.03 (flawless) .  Inaccurate:     	White=1     	Black=1      OK:         	White=19    	Black=16     Best:        	---       	Black=1      Strong:       	---       	Black=2      Brilliant:      	White=1     	---} 1/2-1/2

[Event "Chinese League Division-A 2024"]
[Site "Fuling Chongqing"]
[Date "2024.06.27"]
[Round "2.24"]
[White "Zhang, Xiao"]
[Black "Xiao, Yiyi"]
[Result "1-0"]
[ECO "D85"]
[WhiteElo "2193"]
[BlackElo "2338"]
[Annotator "RC"]
[PlyCount "73"]
[EventDate "2024.06.28"]
[EventType "team-tourn"]
[EventCountry "CHN"]
[SourceTitle "playchess.com"]
[Source "ChessBase"]
[SourceQuality "1"]
[TimeControl "40/5400+30:1800+30"]

1. d4 Nf6 2. c4 g6 3. Nc3 d5 4. cxd5 Nxd5 5. e4 Nxc3 6. bxc3 Bg7 7. Be3 O-O 8. Nf3 c5 9. Rc1 Qa5 10. Qd2 cxd4 11. cxd4 Qxd2+ 12. Nxd2 e6 13. Bb5 a6 14. Ba4 Bd7 15. Bxd7 Nxd7 16. Ke2 Rfc8 17. Nb3 Bf8 18. Rxc8 Rxc8 19. Rc1 Rxc1 20. Bxc1 f5 21. f3 b5 22. Kd3 Kf7 23. Bd2 Nb6 24. Na5 Ke8 25. Be3 Kd7 26. d5 fxe4+ 27. fxe4 Na4 28. dxe6+ Kxe6 29. Nb3 Nb2+ 30. Kd4 Bd6 31. Nc5+ Bxc5+ 32. Kxc5 Nd3+ 33. Kb6 Ke5 34. Kxa6 Nb4+ 35. Kxb5 Nxa2 36. Kc4 Kxe4 37. Bh6 1-0